[Event "Titled Tuesday Blitz July 25 Late 2023"]
[White "dorpato"]
[Black "disciplinedbrat"]
[WhiteElo "2035"]
[BlackElo "2255"]
[Result "0-1"]
[Round "8"]
[TimeControl "180+2"]
[Date "2023.07.25"]
[WhiteClock "0:00:15"]
[BlackClock "0:01:42"]
[Board "143"]

1. e4 c6 2. d4 d5 3. e5 c5 4. c3 Nc6 5. Nf3 Bf5 6. Bd3 Bxd3 7. Qxd3 e6 8. O-O Nge7 9. Be3 cxd4 10. cxd4 Nf5 11. Nc3 Be7 12. a3 O-O 13. Rac1 Rc8 14. b4 a6 15. Na4 f6 16. Nc5 Bxc5 17. Rxc5 fxe5 18. dxe5 Nh4 19. Nxh4 Qxh4 20. Rfc1 Nxe5 21. Qe2 Rxc5 22. Bxc5 Qf4 23. Bxf8 Qxc1+ 24. Qf1 Qxf1+ 25. Kxf1 0-1


[Site "https://www.chess.com"]

[Event "Titled Tuesday Blitz July 25 Late 2023"]
[White "Sainz Aguirre, Ignacio"]
[Black "Thiel, Thomas"]
[WhiteFideId "5101727"]
[BlackFideId "4615964"]
[WhiteElo "1969"]
[BlackElo "2249"]
[Result "1/2-1/2"]
[Round "8"]
[TimeControl "180+2"]
[Date "2023.07.25"]
[WhiteClock "0:01:00"]
[BlackClock "0:02:09"]
[Board "144"]

1. e4 d5 2. exd5 Nf6 3. d4 Nxd5 4. c4 Nb6 5. Nf3 g6 6. Nc3 Bg7 7. c5 Nd5 8. Bc4 Nxc3 9. bxc3 O-O 10. h3 Nc6 11. Bf4 Na5 12. Be2 b6 13. O-O bxc5 14. Qa4 Nb7 15. Ne5 Qe8 16. Bb5 Qd8 17. Nc6 Qe8 18. Ne5 Qd8 19. Nc6 Qe8 20. Ne5 1/2-1/2


[Site "https://www.chess.com"]

[Event "Titled Tuesday Blitz July 25 Late 2023"]
[White "Navyblue1"]
[Black "Akhayan, Ruben"]
[BlackFideId "204439"]
[WhiteElo "1955"]
[BlackElo "2244"]
[Result "0-1"]
[Round "8"]
[TimeControl "180+2"]
[Date "2023.07.25"]
[WhiteClock "0:00:00"]
[BlackClock "0:00:22"]
[Board "145"]

1. d4 Nf6 2. c4 e6 3. Nc3 Bb4 4. g3 O-O 5. Bg2 d5 6. cxd5 exd5 7. Bd2 c6 8. Nf3 Re8 9. O-O h6 10. a3 Bxc3 11. Bxc3 b6 12. Ne5 Ba6 13. Re1 Nfd7 14. Nd3 Nf8 15. Ne5 Bb7 16. Qa4 b5 17. Qc2 Nbd7 18. Nxd7 Qxd7 19. Bb4 a5 20. Bc5 Bc8 21. Rad1 Qf5 22. e4 Qg6 23. Bxf8 Rxf8 24. Qc5 Bd7 25. exd5 cxd5 26. Qxd5 Rad8 27. Qe4 Bf5 28. Qe5 Bg4 29. Rc1 b4 30. axb4 axb4 31. Qc5 b3 32. Qb4 Be6 33. d5 Bxd5 34. Bxd5 Rxd5 35. Qxb3 Rd2 36. Rcd1 Qd6 37. Rxd2 Qxd2 38. Qc3 Qd5 39. b4 Rb8 40. Rb1 Qb5 41. Qb2 g6 42. Qc2 h5 43. Qc3 Qb6 44. b5 Kh7 45. Qb3 Qf6 46. b6 Rb7 47. Qb5 Qd6 0-1


[Site "https://www.chess.com"]

[Event "Titled Tuesday Blitz July 25 Late 2023"]
[White "De Souza, Cristiano Gomes"]
[Black "Vargas, Mauricio"]
[WhiteFideId "2151758"]
[BlackFideId "4404572"]
[WhiteElo "2204"]
[BlackElo "1880"]
[Result "1-0"]
[Round "8"]
[TimeControl "180+2"]
[Date "2023.07.25"]
[WhiteClock "0:01:56"]
[BlackClock "0:00:00"]
[Board "146"]

1. d4 d5 2. c4 c6 3. Nf3 e6 4. Nc3 dxc4 5. a4 Bb4 6. e3 b5 7. Bd2 a6 8. axb5 Bxc3 9. Bxc3 cxb5 10. b3 Qe7 11. bxc4 b4 12. Bb2 a5 13. c5 Bb7 14. Bb5+ Nd7 15. Ne5 O-O-O 16. Nxd7 Rxd7 17. Bxd7+ Qxd7 18. Qa4 Qc7 19. Qxa5 Qxa5 20. Rxa5 Bxg2 21. Rg1 Bd5 22. Rxg7 Nh6 23. Ra7 Kb8 24. Re7 b3 25. c6 Nf5 26. Rb7+ Kc8 27. Rgxf7 Bc4 28. e4 Nh4 29. Ba3 Nf3+ 30. Rxf3 Rg8 31. Bd6 Rg1+ 32. Kd2 1-0


[Site "https://www.chess.com"]

[Event "Titled Tuesday Blitz July 25 Late 2023"]
[White "Vafin, Ayrat"]
[Black "Floresvillar Gonzalez, Luis Migu"]
[WhiteFideId "4146530"]
[BlackFideId "5100542"]
[WhiteElo "2210"]
[BlackElo "2093"]
[Result "0-1"]
[Round "8"]
[TimeControl "180+2"]
[Date "2023.07.25"]
[WhiteClock "0:00:00"]
[BlackClock "0:00:17"]
[Board "147"]

1. d4 d5 2. Bf4 Bf5 3. e3 e6 4. Bd3 Bxd3 5. Qxd3 c6 6. Nf3 Bd6 7. Bxd6 Qxd6 8. Nbd2 f5 9. c3 Nf6 10. O-O Nbd7 11. h3 O-O 12. Rfe1 Rae8 13. a3 Ne4 14. Nh2 e5 15. Nxe4 fxe4 16. Qc2 exd4 17. exd4 b5 18. Re2 Rf7 19. Rae1 a5 20. b3 Nf6 21. b4 a4 22. f3 Rfe7 23. fxe4 Rxe4 24. Nf3 Rxe2 25. Rxe2 Rxe2 26. Qxe2 Ne4 27. Qd3 Qg3 28. Qc2 h6 29. Ne5 Qe1+ 30. Kh2 Qg3+ 31. Kg1 Qe1+ 32. Kh2 Qxc3 33. Qxc3 Nxc3 34. Nxc6 Kf7 35. Ne5+ Ke6 36. Nd3 Kf5 37. Kg3 g5 38. Nc1 Nb1 39. Nd3 Nxa3 40. Nc5 Nb1 41. Nd3 a3 42. Nc1 Nc3 43. Kf3 a2 44. Nb3 h5 45. Ke3 g4 0-1


[Site "https://www.chess.com"]

[Event "Titled Tuesday Blitz July 25 Late 2023"]
[White "Vachier-Lagrave, Maxime"]
[Black "Fedoseev, Vladimir"]
[WhiteFideId "623539"]
[BlackFideId "24130737"]
[WhiteElo "3180"]
[BlackElo "3075"]
[Result "1-0"]
[Round "9"]
[TimeControl "180+2"]
[Date "2023.07.25"]
[WhiteClock "0:00:10"]
[BlackClock "0:00:00"]
[Board "1"]

1. e4 g6 2. d4 Bg7 3. Nf3 d6 4. Bc4 e6 5. Bb3 Nd7 6. O-O Ne7 7. c3 O-O 8. Re1 a5 9. Nbd2 e5 10. Nf1 Nc6 11. Bg5 Bf6 12. Be3 Re8 13. Ng3 Nf8 14. h3 Bd7 15. a3 a4 16. Ba2 Qe7 17. Qd3 Na5 18. Rad1 Be6 19. d5 Bd7 20. c4 b5 21. cxb5 Reb8 22. b6 cxb6 23. Rc1 Qe8 24. Qd2 b5 25. Bg5 Bxg5 26. Qxg5 Qd8 27. Qd2 Be8 28. Qb4 Rb6 29. Rc3 Nd7 30. Rec1 Nc4 31. Bxc4 bxc4 32. Qxc4 Rxb2 33. Qd3 Qb6 34. R1c2 Nc5 35. Qe3 Rxc2 36. Rxc2 f6 37. h4 Rb8 38. h5 Qb3 39. Rc3 Qd1+ 40. Kh2 Rb3 41. hxg6 hxg6 42. Nd2 Rb2 43. Nc4 Rb1 44. Nxd6 Qg1+ 45. Kh3 Bd7+ 46. Ndf5 gxf5 47. exf5 Nb3 48. Rc7 1-0


[Site "https://www.chess.com"]

[Event "Titled Tuesday Blitz July 25 Late 2023"]
[White "Duda, Jan-Krzysztof"]
[Black "Martinez Alcantara, Jose Eduardo"]
[WhiteFideId "1170546"]
[BlackFideId "3805662"]
[WhiteElo "3045"]
[BlackElo "3016"]
[Result "1-0"]
[Round "9"]
[TimeControl "180+2"]
[Date "2023.07.25"]
[WhiteClock "0:00:08"]
[BlackClock "0:00:03"]
[Board "2"]

1. b3 d5 2. Bb2 Nf6 3. e3 a5 4. Nf3 e6 5. c4 Be7 6. Nc3 c6 7. Qc2 Na6 8. a3 O-O 9. Rg1 c5 10. g4 d4 11. Nb5 Nc7 12. g5 Nd7 13. Nxc7 Qxc7 14. exd4 cxd4 15. Nxd4 Nc5 16. O-O-O Bd7 17. Qc3 e5 18. Nf3 Bf5 19. d4 exd4 20. Rxd4 Ne6 21. Rd5 Bg6 22. h4 Qf4+ 23. Rd2 Rfd8 24. Ne5 Bc5 25. Rg4 Qf5 26. Bd3 Rxd3 27. Qxd3 Qxg4 28. Nxg4 Bxd3 29. Rxd3 Nf4 30. Rd7 b6 31. Kc2 Re8 32. Be5 Ng6 33. Bg3 Bxa3 34. h5 Rf8 35. hxg6 hxg6 36. Bd6 Bxd6 37. Rxd6 Rb8 38. Ne5 1-0


[Site "https://www.chess.com"]

[Event "Titled Tuesday Blitz July 25 Late 2023"]
[White "Fressinet, Laurent"]
[Black "Bortnyk, Olexandr"]
[WhiteFideId "608742"]
[BlackFideId "14120828"]
[WhiteElo "2910"]
[BlackElo "3025"]
[Result "1-0"]
[Round "9"]
[TimeControl "180+2"]
[Date "2023.07.25"]
[WhiteClock "0:00:10"]
[BlackClock "0:00:01"]
[Board "3"]

1. d4 Nf6 2. Nf3 b6 3. Bg5 Ne4 4. Bh4 Bb7 5. Nbd2 g6 6. Nxe4 Bxe4 7. Nd2 Bb7 8. e4 Bg7 9. c3 O-O 10. Bd3 d5 11. e5 c5 12. O-O Ba6 13. Bxa6 Nxa6 14. f4 Qd7 15. Nf3 Rac8 16. Qd3 Nc7 17. Rae1 Rfe8 18. Ng5 Qf5 19. Qe2 cxd4 20. cxd4 Ne6 21. g4 Qc2 22. Qxc2 Rxc2 23. Nxe6 fxe6 24. Rf2 Rc4 25. Rd2 Rf8 26. Rf1 Kf7 27. g5 Ke8 28. Bg3 Kd7 29. Rff2 Rfc8 30. Kg2 Rc1 31. Kf3 b5 32. Ke2 b4 33. Kd3 Ra1 34. Rc2 Rxa2 35. Rxc8 Kxc8 36. Kc2 Ra1 37. Kb3 a5 38. Rc2+ Kb7 39. Rc5 h5 40. Kc2 Rf1 41. Kd3 Rd1+ 42. Ke3 Ra1 43. Kd2 Bf8 44. h4 Bg7 45. Bf2 Rf1 46. Be3 Rh1 47. Rxa5 Rxh4 48. Rb5+ Kc7 49. Rxb4 Rg4 50. Ra4 Rg2+ 51. Kc3 h4 52. Ra1 h3 53. Rh1 h2 54. Bd2 Kc6 55. Kd3 Kb5 56. Ke3 Kc4 57. Bc3 Rc2 58. Kf3 Kd3 59. Kg3 Ke4 60. Rxh2 Rc1 61. Rh7 Rg1+ 62. Kf2 Rg4 63. Rxg7 Kxf4 64. Rxg6 Kf5 65. Rg7 Rf4+ 66. Ke2 Re4+ 67. Kd3 Rg4 68. Rxe7 Rg3+ 69. Kc2 Rxg5 70. Rf7+ Ke4 71. Rf6 Rg2+ 72. Kb3 Rg8 73. Rxe6 Kd3 74. Rd6 Rb8+ 75. Ka4 Kc4 76. Rc6+ Kd3 77. Rc5 Rd8 78. Kb5 Ke4 79. Kc6 Rc8+ 80. Kd7 Ra8 81. e6 Kf5 82. e7 Ra7+ 83. Rc7 1-0


[Site "https://www.chess.com"]

[Event "Titled Tuesday Blitz July 25 Late 2023"]
[White "Nakamura, Hikaru"]
[Black "Xiong, Jeffery"]
[WhiteFideId "2016192"]
[BlackFideId "2047640"]
[WhiteElo "3260"]
[BlackElo "2984"]
[Result "1-0"]
[Round "9"]
[TimeControl "180+2"]
[Date "2023.07.25"]
[WhiteClock "0:00:15"]
[BlackClock "0:00:00"]
[Board "4"]

1. a3 d5 2. d4 Nf6 3. Nf3 g6 4. e3 Bg7 5. c4 O-O 6. Nc3 dxc4 7. Bxc4 a6 8. O-O b5 9. Ba2 Bb7 10. b4 Nbd7 11. Qe2 Ne4 12. Nxe4 Bxe4 13. Nd2 Bb7 14. Nb3 Bd5 15. Na5 Nb6 16. Rd1 f5 17. Bxd5+ Qxd5 18. Ra2 Rad8 19. Rc2 Rd7 20. Rc5 Qf7 21. Qc2 Rc8 22. Rc6 Qe8 23. Bb2 Qd8 24. Rc1 Na4 25. Rxa6 Ra8 26. Nc6 Qe8 27. Rxa8 Qxa8 28. Ba1 Qe8 29. Qe2 Rd5 30. Na5 Qd7 31. f4 Nb6 32. Qc2 1-0


[Site "https://www.chess.com"]

[Event "Titled Tuesday Blitz July 25 Late 2023"]
[White "Kollars, Dmitrij"]
[Black "Carlsen, Magnus"]
[WhiteFideId "12909572"]
[BlackFideId "1503014"]
[WhiteElo "2992"]
[BlackElo "3253"]
[Result "0-1"]
[Round "9"]
[TimeControl "180+2"]
[Date "2023.07.25"]
[WhiteClock "0:00:00"]
[BlackClock "0:00:12"]
[Board "5"]

1. e4 Nc6 2. Nf3 f5 3. exf5 d5 4. Bb5 Bxf5 5. Ne5 Qd6 6. d4 e6 7. O-O Ne7 8. Nc3 a6 9. Bxc6+ Nxc6 10. Bf4 Qb4 11. Nxc6 bxc6 12. Rb1 Bd6 13. a3 Qb8 14. Qh5+ g6 15. Qh6 Kf7 16. Be5 Qf8 17. Qf4 Bxe5 18. Qxe5 Qd6 19. Qe2 Rhe8 20. g4 e5 21. dxe5 Rxe5 22. Qf3 Qf6 23. gxf5 Rxf5 24. Qh3 Rh5 25. Qd7+ Kg8 26. f4 Qd4+ 27. Kh1 Rf8 28. Rbe1 Rhf5 29. Qxc6 R8f7 30. Qe8+ Kg7 31. Qe6 Qc4 32. Qe2 Qc6 33. Qg2 Qd6 34. Rd1 c6 35. Ne4 Qd7 36. Ng5 Re7 37. Qd2 Qd6 38. Nh3 c5 39. Rfe1 d4 40. Rxe7+ Qxe7 41. Qe1 Qb7+ 42. Kg1 Qxb2 43. Qe7+ Rf7 44. Qe5+ Kh6 45. Ng5 Rb7 46. Qe4 Rd7 47. Ne6 Qc3 48. f5 gxf5 49. Qf4+ Kg6 50. Qg5+ Kf7 51. Qxf5+ Ke7 52. Ng5 Qe3+ 53. Kh1 Kd6 54. Ne4+ Ke7 55. Qxc5+ Kd8 56. Qf8+ Kc7 57. Qc5+ Kd8 58. Qf5 Re7 59. Ng3 Kc7 60. Qf6 Rd7 61. Qf5 Qc3 62. Qd3 Qc6+ 63. Kg1 h5 64. c3 h4 65. Ne2 Rg7+ 66. Kf2 Qg2+ 67. Ke1 Re7 68. cxd4 Qxh2 69. Kd2 Kd8 70. Qf3 Qd6 71. Kd3 Qg6+ 72. Kd2 Qh6+ 73. Kc2 Qg6+ 74. Kd2 Qh6+ 75. Nf4 h3 76. Rh1 h2 77. Qg3 Rf7 78. Ke3 Re7+ 79. Kf3 Qc6+ 80. d5 Qc3+ 81. Kg2 Qc2+ 82. Kf3 Qe4+ 83. Kg4 Qxh1 84. Ne6+ Rxe6 85. Qb8+ Ke7 86. Qc7+ Kf6 87. Qf4+ Kg7 88. Qc7+ Kg6 89. dxe6 Qe4+ 90. Kg3 h1=Q 91. Qf7+ Kg5 92. Qe7+ Kf5 93. Qf7+ Ke5 94. Qg7+ Kxe6 95. Qg8+ Ke5 96. Qg7+ Kd5 97. Qb7+ Kd4 98. Qb4+ Kd3 99. Qb3+ Kd2 100. Qb2+ Kd1 101. Qa1+ Kc2 102. Qa2+ Kc3 0-1


[Site "https://www.chess.com"]

[Event "Titled Tuesday Blitz July 25 Late 2023"]
[White "Naroditsky, Daniel"]
[Black "Lenderman, Aleksandr"]
[WhiteFideId "2026961"]
[BlackFideId "2021285"]
[WhiteElo "3145"]
[BlackElo "2892"]
[Result "1/2-1/2"]
[Round "9"]
[TimeControl "180+2"]
[Date "2023.07.25"]
[WhiteClock "0:00:46"]
[BlackClock "0:01:53"]
[Board "6"]

1. d4 d5 2. Nc3 Bf5 3. f3 Nf6 4. g4 Bg6 5. g5 Ng8 6. e4 e6 7. exd5 exd5 8. Bd3 Ne7 9. Nge2 Nbc6 10. Nf4 Bxd3 11. Qxd3 Qd7 12. Be3 Nb4 13. Qe2 O-O-O 14. a3 Nbc6 15. O-O-O Re8 16. Qd3 Nd8 17. h4 Ne6 18. Rhe1 c6 19. Bd2 Nxf4 20. Bxf4 Ng6 21. Rxe8+ Qxe8 22. Bg3 Qd7 23. h5 Ne7 24. Re1 Nf5 25. Be5 Bd6 26. h6 Bxe5 27. Rxe5 g6 28. Na4 b6 29. f4 Re8 30. Qa6+ Kb8 31. Nxb6 axb6 32. Qxb6+ Kc8 33. Qa6+ Kb8 34. Qb6+ Kc8 35. Qa6+ Kb8 36. Qb6+ 1/2-1/2


[Site "https://www.chess.com"]

[Event "Titled Tuesday Blitz July 25 Late 2023"]
[White "Bluebaum, Matthias"]
[Black "Zhigalko, Sergei"]
[WhiteFideId "24651516"]
[BlackFideId "13502956"]
[WhiteElo "3048"]
[BlackElo "2892"]
[Result "1-0"]
[Round "9"]
[TimeControl "180+2"]
[Date "2023.07.25"]
[WhiteClock "0:00:17"]
[BlackClock "0:00:00"]
[Board "7"]

1. d4 Nf6 2. c4 e6 3. Nc3 Bb4 4. e3 O-O 5. Bd2 d6 6. Bd3 Nbd7 7. Nge2 e5 8. O-O Re8 9. a3 Bxc3 10. Bxc3 e4 11. Bc2 d5 12. b3 Nf8 13. Qd2 Ng6 14. f3 exf3 15. Rxf3 Bg4 16. Rf2 Bxe2 17. Qxe2 Ne4 18. Bxe4 Rxe4 19. Rf5 Qe7 20. Bd2 Rxd4 21. cxd5 Rd8 22. Raf1 R4xd5 23. Bb4 c5 24. Rxf7 Qxf7 25. Rxf7 Kxf7 26. Bc3 Rd3 27. Be1 b6 28. h4 Kg8 29. Kh2 h6 30. Bg3 1-0


[Site "https://www.chess.com"]

[Event "Titled Tuesday Blitz July 25 Late 2023"]
[White "Pranav, V"]
[Black "Dardha, Daniel"]
[WhiteFideId "25060783"]
[BlackFideId "240990"]
[WhiteElo "3026"]
[BlackElo "2890"]
[Result "0-1"]
[Round "9"]
[TimeControl "180+2"]
[Date "2023.07.25"]
[WhiteClock "0:00:00"]
[BlackClock "0:00:05"]
[Board "8"]

1. e4 c5 2. Nf3 d6 3. c3 Nf6 4. Bd3 g6 5. Bc2 Bg7 6. O-O Nc6 7. h3 e5 8. d4 exd4 9. cxd4 O-O 10. dxc5 dxc5 11. Nc3 Be6 12. Be3 Qa5 13. Qe2 Rad8 14. Rfd1 Qb4 15. Na4 Nd4 16. Nxd4 cxd4 17. Bd2 Qe7 18. Bd3 Nh5 19. f4 Rfe8 20. Qf3 Bd7 21. b3 Bc6 22. Qf2 Bxe4 23. Re1 Nf6 24. Rac1 Qd6 25. Bf1 Bc6 26. Nc5 Nd5 27. Nd3 Ne3 28. Ne5 Bxe5 29. fxe5 Rxe5 30. Bxe3 dxe3 31. Rxe3 Rxe3 32. Qxe3 Qd4 33. Qxd4 Rxd4 34. Rc2 Kg7 35. Kf2 f5 36. Rb2 a5 37. Rc2 Kf6 38. Ke1 Ke5 39. Kf2 f4 40. Ke1 g5 41. Kf2 h5 42. Be2 h4 43. Rc5+ Rd5 44. Rc2 Kd6 45. Bf3 Rc5 46. Rd2+ Ke5 47. Be2 Bd5 48. Bf1 b5 49. Re2+ Be4 50. Rd2 b4 51. Bc4 Bd5 52. Re2+ Kd4 53. Rd2+ Ke5 54. Re2+ Kd6 55. Bxd5 Rxd5 56. Kf3 Rd3+ 57. Kg4 Rg3+ 58. Kf5 Kd5 59. Rd2+ Kc5 60. Ke5 f3 61. gxf3 Rxf3 62. Rc2+ Kb5 63. Rh2 a4 64. bxa4+ Kxa4 65. Ke4 Rg3 66. Kf5 Ka3 67. Kg6 g4 68. hxg4 Rxg4+ 69. Kh5 Rc4 70. Re2 h3 71. Rh2 Rd4 72. Kg5 Rd1 73. Kf4 Rb1 74. Ke4 Rb2 75. Rxh3+ Kxa2 76. Kd4 Rc2 77. Kd3 Rc3+ 78. Kd4 Rxh3 0-1


[Site "https://www.chess.com"]

[Event "Titled Tuesday Blitz July 25 Late 2023"]
[White "Nguyen, Ngoc Truong Son"]
[Black "Kevlishvili, Robby"]
[WhiteFideId "12401110"]
[BlackFideId "1040634"]
[WhiteElo "2881"]
[BlackElo "3015"]
[Result "1-0"]
[Round "9"]
[TimeControl "180+2"]
[Date "2023.07.25"]
[WhiteClock "0:00:25"]
[BlackClock "0:00:01"]
[Board "9"]

1. d4 d5 2. c4 e6 3. Nc3 a6 4. cxd5 exd5 5. Bf4 c6 6. e3 Bd6 7. Bg3 Ne7 8. Bd3 Nf5 9. Qc2 g6 10. O-O-O O-O 11. Kb1 a5 12. Nf3 Na6 13. a3 b5 14. Ne2 Bd7 15. Bxd6 Nxd6 16. h4 b4 17. a4 b3 18. Qc3 Nb4 19. Ng3 Nxd3 20. Rxd3 Ne4 21. Qxb3 Nxg3 22. fxg3 Bf5 23. Ka2 Rb8 24. Qc3 Bxd3 25. Qxd3 Rb4 26. b3 Qd6 27. h5 Qxg3 28. Qc2 Rfb8 29. Rb1 Qg4 30. h6 f6 31. Rb2 Qe6 32. Qc5 g5 33. Qxa5 Qe7 34. Qc5 Qb7 35. Qc3 Kf7 36. Qc2 Kg8 37. Ne1 Qe7 38. Nd3 R4b6 39. Nc5 Re8 40. Qf5 Rd8 41. Rf2 Rbb8 42. Qxf6 Qxf6 43. Rxf6 Rf8 44. Rxc6 Rf2+ 45. Ka3 Rxg2 46. Rc7 Rh2 47. Nd7 Rf8 48. Nxf8 Kxf8 49. Rxh7 g4 50. Rg7 1-0


[Site "https://www.chess.com"]

[Event "Titled Tuesday Blitz July 25 Late 2023"]
[White "Nihal Sarin"]
[Black "Sjugirov, Sanan"]
[WhiteFideId "25092340"]
[BlackFideId "4189302"]
[WhiteElo "3070"]
[BlackElo "2948"]
[Result "1-0"]
[Round "9"]
[TimeControl "180+2"]
[Date "2023.07.25"]
[WhiteClock "0:01:48"]
[BlackClock "0:00:07"]
[Board "11"]

1. Nf3 Nf6 2. b3 g6 3. Bb2 Bg7 4. c4 O-O 5. g3 b6 6. Bg2 Bb7 7. O-O c5 8. d4 cxd4 9. Qxd4 d6 10. Rd1 Nbd7 11. Nc3 Rc8 12. Qd2 Nc5 13. Rac1 Nfe4 14. Nxe4 Nxe4 15. Qc2 Bxb2 16. Qxb2 Qc7 17. h4 Qc5 18. e3 Nf6 19. Ne1 Bxg2 20. Kxg2 b5 21. Nd3 Qb6 22. cxb5 Qxb5 23. Nf4 a5 24. Qe2 Qb4 25. Qf3 a4 26. Rxc8 Rxc8 27. Rd4 Qe1 28. Nd3 Qb1 29. bxa4 Qxa2 30. Nb4 Qa1 31. Nd3 Rc2 32. Qb7 Kf8 33. Qb3 Rc3 34. Qb6 Rc8 35. Qb7 Qc3 36. a5 Rc7 37. Qb5 Ra7 38. Qb8+ 1-0


[Site "https://www.chess.com"]

[Event "Titled Tuesday Blitz July 25 Late 2023"]
[White "Sarana, Alexey"]
[Black "Rodrigue-Lemieux, Shawn"]
[WhiteFideId "24133795"]
[BlackFideId "2620049"]
[WhiteElo "3033"]
[BlackElo "2889"]
[Result "1-0"]
[Round "9"]
[TimeControl "180+2"]
[Date "2023.07.25"]
[WhiteClock "0:00:52"]
[BlackClock "0:00:47"]
[Board "12"]

1. d4 Nf6 2. c4 e6 3. Nc3 Bb4 4. Qc2 d5 5. a3 Bxc3+ 6. Qxc3 O-O 7. Nf3 b6 8. cxd5 exd5 9. Bf4 Na6 10. e3 c5 11. Bb5 Bb7 12. O-O Rc8 13. dxc5 bxc5 14. Be2 Re8 15. Qb3 Re7 16. Rfd1 d4 17. Bg5 Bd5 18. Qa4 Nc7 19. Bxf6 gxf6 20. Rd2 dxe3 21. fxe3 Rxe3 22. Rad1 Qe8 23. Qf4 Re4 24. Qg3+ Kh8 25. Bd3 Ne6 26. Bxe4 Bxe4 27. Qh4 f5 28. Ng5 Nf8 29. Rd8 1-0


[Site "https://www.chess.com"]

[Event "Titled Tuesday Blitz July 25 Late 2023"]
[White "Andreikin, Dmitry"]
[Black "Bartel, Mateusz"]
[WhiteFideId "4158814"]
[BlackFideId "1112635"]
[WhiteElo "3030"]
[BlackElo "2840"]
[Result "1-0"]
[Round "9"]
[TimeControl "180+2"]
[Date "2023.07.25"]
[WhiteClock "0:00:09"]
[BlackClock "0:00:00"]
[Board "13"]

1. d4 d5 2. c4 e6 3. Nf3 Nf6 4. Nc3 h6 5. Bf4 Bd6 6. Be5 Nc6 7. cxd5 exd5 8. Bxf6 Qxf6 9. Nxd5 Qg6 10. e3 O-O 11. a3 Re8 12. Bd3 Qh5 13. Nc3 Bg4 14. Be2 Rad8 15. h3 Bc8 16. Qb3 Qg6 17. g4 b6 18. O-O-O Bb7 19. Qc2 Qf6 20. h4 Na5 21. g5 Qe6 22. gxh6 Qxh6 23. Rhg1 c5 24. d5 c4 25. Rg5 Be7 26. Re5 Bf6 27. Rxe8+ Rxe8 28. Kb1 Rd8 29. e4 Qf4 30. Qd2 Qd6 31. Rg1 Re8 32. Qh6 Kf8 33. Rxg7 Ke7 34. Rh7 Rd8 35. Ng5 Rf8 36. Bh5 Bxc3 37. Qxd6+ Kxd6 38. Nxf7+ Kc5 39. bxc3 Bc8 40. f4 1-0


[Site "https://www.chess.com"]

[Event "Titled Tuesday Blitz July 25 Late 2023"]
[White "Ashraf, Artin"]
[Black "Grischuk, Alexander"]
[WhiteFideId "22514805"]
[BlackFideId "4126025"]
[WhiteElo "2851"]
[BlackElo "3023"]
[Result "1/2-1/2"]
[Round "9"]
[TimeControl "180+2"]
[Date "2023.07.25"]
[WhiteClock "0:00:07"]
[BlackClock "0:00:04"]
[Board "14"]

1. c4 Nf6 2. Nc3 e5 3. d3 d5 4. cxd5 Nxd5 5. Nf3 Nc6 6. e3 Nxc3 7. bxc3 Bd6 8. Be2 O-O 9. O-O Qe7 10. Qb3 b6 11. e4 Na5 12. Qb1 c5 13. Bg5 f6 14. Be3 Be6 15. d4 cxd4 16. cxd4 Nc4 17. Bxc4 Bxc4 18. Rc1 Rac8 19. dxe5 fxe5 20. Rxc4 Rxc4 21. Qb3 Rc8 22. Nd2 b5 23. Nxc4 bxc4 24. Qc2 Qf7 25. Rb1 h6 26. h4 Bc5 27. Bxc5 Rxc5 28. Qc3 Kh7 29. Rb4 Qe6 30. Rb7 a5 31. Qg3 Qg6 32. Qe3 Rc6 33. Qc3 Qxe4 34. Qxa5 Qd4 35. Qa4 Rg6 36. Qc2 Qg4 37. g3 h5 38. Rb6 e4 39. Rxg6 Kxg6 40. Qxc4 Qd1+ 41. Kh2 Qf3 42. Qe6+ Kh7 43. Qb6 Qe2 44. a4 Qd2 45. Qe3 Qd5 46. Qg5 Qf7 47. Qf4 Qd5 48. Qe3 Qf5 49. Qb6 Qd5 50. a5 e3 51. fxe3 Qd2+ 52. Kh3 Qd1 53. g4 Qxg4+ 54. Kh2 Qxh4+ 55. Kg2 Qg4+ 56. Kf2 h4 57. a6 Qg3+ 58. Ke2 Qg2+ 59. Kd3 h3 60. Qb7 Qf1+ 61. Kd2 h2 62. a7 h1=Q 63. a8=Q Qh2+ 64. Kc3 Qc1+ 65. Kd4 Qhd2+ 66. Ke5 Qcc3+ 67. Ke6 Qdxe3+ 68. Qe4+ Qxe4+ 69. Qxe4+ g6 70. Qh4+ Kg8 71. Qd8+ Kh7 72. Qh4+ Kg8 73. Qd8+ Kg7 74. Qe7+ Kh8 75. Qh4+ Kg7 76. Qe7+ Kh6 77. Qh4+ Kg7 78. Qe7+ 1/2-1/2


[Site "https://www.chess.com"]

[Event "Titled Tuesday Blitz July 25 Late 2023"]
[White "Paravyan, David"]
[Black "Nenezic, Marko"]
[WhiteFideId "4194985"]
[BlackFideId "912123"]
[WhiteElo "3007"]
[BlackElo "2780"]
[Result "1-0"]
[Round "9"]
[TimeControl "180+2"]
[Date "2023.07.25"]
[WhiteClock "0:01:44"]
[BlackClock "0:00:00"]
[Board "15"]

1. e4 c5 2. Nf3 Nc6 3. Bb5 e6 4. O-O Nge7 5. Re1 a6 6. Bf1 Ng6 7. d4 cxd4 8. Nxd4 Qc7 9. c3 Be7 10. Be3 O-O 11. Nd2 b6 12. g3 Bb7 13. f4 Nxd4 14. cxd4 f5 15. Rc1 Qd8 16. e5 b5 17. Bg2 Bxg2 18. Kxg2 Qa5 19. Qb3 Rfc8 20. Nf3 Qa4 21. d5 Qxb3 22. axb3 Bb4 23. Red1 Ne7 24. dxe6 dxe6 25. Ng5 Nd5 26. Bf2 Re8 27. Nxe6 Rxe6 28. Rxd5 Rae8 29. Kf3 Kf7 30. h3 g6 31. g4 h5 32. gxf5 gxf5 33. Bh4 Be7 34. Rd7 Kf8 35. Bxe7+ R8xe7 36. Rxe7 Kxe7 37. Rc7+ Ke8 38. Rh7 Rc6 39. Rxh5 Rc2 40. Rxf5 Rxb2 41. Rf6 Rxb3+ 42. Kg4 a5 43. Ra6 a4 44. h4 a3 45. Kf5 b4 46. Ke6 Rd3 47. f5 Rd8 48. f6 Kf8 49. f7 Rb8 50. Kf6 a2 51. e6 1-0


[Site "https://www.chess.com"]

[Event "Titled Tuesday Blitz July 25 Late 2023"]
[White "Mahdavi, Reza"]
[Black "Kramnik, Vladimir"]
[WhiteFideId "12595926"]
[BlackFideId "4101588"]
[WhiteElo "2791"]
[BlackElo "2997"]
[Result "1-0"]
[Round "9"]
[TimeControl "180+2"]
[Date "2023.07.25"]
[WhiteClock "0:00:03"]
[BlackClock "0:00:00"]
[Board "16"]

1. e4 c5 2. Nf3 e6 3. d4 cxd4 4. Nxd4 Nf6 5. Nc3 Nc6 6. Ndb5 d6 7. Bf4 e5 8. Bg5 a6 9. Na3 b5 10. Nab1 Be7 11. Bxf6 Bxf6 12. a4 b4 13. Nd5 O-O 14. Bc4 Bg5 15. Qd3 a5 16. c3 Be6 17. O-O h6 18. Nd2 bxc3 19. bxc3 Bxd2 20. Qxd2 Rc8 21. Ba6 Rb8 22. Rab1 Bxd5 23. Qxd5 Rb6 24. Bc4 Ne7 25. Qd3 Qc7 26. Rxb6 Qxb6 27. Rb1 Qc6 28. Bb3 Qc7 29. g3 Rb8 30. Qf3 d5 31. exd5 Nc8 32. Bc2 Rxb1+ 33. Bxb1 Nd6 34. Qe3 Qb7 35. Ba2 e4 36. c4 Qb2 37. Bb3 Qb1+ 38. Kg2 Nf5 39. Qc3 e3 40. fxe3 Qe4+ 41. Kf2 Qh1 42. e4 Qxh2+ 43. Ke1 Nxg3 44. Qf3 Qg1+ 45. Kd2 Nf1+ 46. Ke2 1-0


[Site "https://www.chess.com"]

[Event "Titled Tuesday Blitz July 25 Late 2023"]
[White "Elsa167"]
[Black "Santos Latasa, Jaime"]
[BlackFideId "2293307"]
[WhiteElo "2774"]
[BlackElo "2994"]
[Result "1-0"]
[Round "9"]
[TimeControl "180+2"]
[Date "2023.07.25"]
[WhiteClock "0:01:05"]
[BlackClock "0:01:17"]
[Board "17"]

1. d4 Nf6 2. c4 e6 3. Nf3 d5 4. Nc3 dxc4 5. Bg5 a6 6. a4 Bb4 7. e3 Qd5 8. Bxf6 gxf6 9. Nd2 Bxc3 10. bxc3 b5 11. Be2 Qd7 12. axb5 Qxb5 13. Nxc4 Ke7 14. Qc1 Nd7 15. Qa3+ c5 16. O-O Bb7 17. Rfb1 Bd5 18. Rxb5 axb5 19. Na5 Rhb8 20. dxc5 Ne5 21. c6+ Ke8 22. Qb2 1-0


[Site "https://www.chess.com"]

[Event "Titled Tuesday Blitz July 25 Late 2023"]
[White "He, Anthony"]
[Black "Gubajdullin, Alexei"]
[WhiteFideId "2088215"]
[BlackFideId "4141202"]
[WhiteElo "2979"]
[BlackElo "2695"]
[Result "1-0"]
[Round "9"]
[TimeControl "180+2"]
[Date "2023.07.25"]
[WhiteClock "0:01:42"]
[BlackClock "0:00:04"]
[Board "18"]

1. d4 Nf6 2. Nc3 g6 3. Bf4 Bg7 4. e4 O-O 5. h4 h5 6. e5 Nh7 7. Bc4 c6 8. Nf3 d5 9. Bd3 Bg4 10. Qd2 e6 11. Ng5 c5 12. f3 Bf5 13. Bxf5 exf5 14. dxc5 d4 15. Nb5 Nc6 16. O-O-O Nxe5 17. Nxd4 Nc4 18. Qc3 Qd5 19. b3 Na3 20. Qb4 Rfc8 21. Nde6 Qc6 22. Nxg7 Qxc5 23. Rd8+ Kxg7 24. Qxc5 Rxc5 25. Rxa8 Rxc2+ 26. Kd1 Rxa2 27. Re1 Nb5 28. Re7 Nxg5 29. hxg5 Nc3+ 30. Ke1 Ra1+ 31. Kd2 Nb1+ 32. Kc2 Ra5 33. Kxb1 1-0


[Site "https://www.chess.com"]